Map: Efflorescence LE

Players

IIIIIIIII

  • Race: Protoss Protoss
  • Spawn Location: 6:00

Aela

  • Race: Zerg Zerg
  • Spawn Location: 9:00

OpuS - Winner!

  • Race: Protoss Protoss
  • League: Platinum
  • Spawn Location: 12:00

Sketchaphone - Winner!

  • Race: Zerg Zerg
  • League: Platinum
  • Spawn Location: 3:00

VOD

Have the link to the VOD?

Description

Time

  • Played on: Feb. 13, 2019, 8:12 p.m.
  • Length: 16:50
Show
View Real Time Build Order
Export as new Build Order

IIIIIIIII Protoss 

Build Orders: Oracle Opening 

Get SALT Encoding   

  12  0:03  Probe  
  13  0:16  Probe  
  13  0:19  Pylon  
  14  0:28  Probe  
  15  0:39  Probe  
  15  0:42  Gateway  
  16  0:47  Probe  
  16  0:52  Assimilator  
  16  0:55  Probe  
  18  1:09  Probe  
  19  1:15  Assimilator  
  19  1:17  Probe  
  20  1:25  Probe  
  20  1:31  Cybernetics Core  
  21  1:36  Pylon  
  21  1:37  Probe  
  22  1:53  Pylon  
  22  1:54  Probe  
  23  2:13  Nexus  
  23  2:20  Stalker  
  23  2:22  Warp Gate  
  25  2:28  Probe  
  26  2:40  Stargate  
  26  2:47  Gateway  
  26  2:58  Probe  
  27  3:07  Pylon  
  27  3:13  Gateway  
  27  3:14  Oracle  
  30  3:27  Probe  
  30  3:30  Pylon  
  31  3:36  Zealot  
  33  3:51  Assimilator  
  33  3:55  Assimilator  
  33  3:59  Gateway  
  33  4:03  Phoenix  
  35  4:14  Stalker x2  
  39  4:17  Probe  
  39  4:18  Probe  
  41  4:37  Phoenix  
  43  4:50  Pylon  
  43  4:54  Twilight Council  
  36  5:18  Probe  
  37  5:25  Forge  
  37  5:26  Stalker  
  37  5:28  Probe  
  40  5:30  Probe  
  41  5:40  Probe  
  42  5:54  Probe x2  
  44  6:04  Protoss Ground Weapons Level 1  
  41  6:06  Probe  
  42  6:13  Probe  
  42  6:14  Probe, Charge  
  44  6:21  Probe  
  44  6:22  Probe  
  44  6:25  Gateway  
  45  6:30  Probe  
  46  6:39  Probe  
  48  6:42  Probe  
  49  6:51  Probe  
  50  6:54  Probe  
  51  7:03  Probe  
  51  7:06  Probe  
  51  7:07  Phoenix  
  56  7:15  Probe  
  56  7:18  Probe  
  57  7:28  Void Ray  
  57  7:43  Protoss Air Weapons Level 1, Probe  
  62  7:44  Probe  
  62  7:45  Blink  
  63  7:55  Probe  
  64  8:00  Stargate  
  64  8:07  Probe  
  64  8:10  Void Ray  
  69  8:19  Probe  
  70  8:24  Nexus, Zealot x3  
  76  8:35  Pylon  
  76  8:37  Protoss Shields Level 1  
  76  8:48  Robotics Facility  
  76  8:53  Void Ray  
  80  8:55  Pylon  
  80  8:56  Pylon, Void Ray  
  84  9:20  Stalker x2  
  84  9:21  Stalker x3  
  94  9:44  Phoenix x2  
  98  9:51  Zealot x2  
  98  9:52  Stalker x2  
  106  9:58  Assimilator  
  106  10:02  Assimilator  
  106  10:06  Pylon  
  106  10:07  Stalker  
  106  10:08  Gateway  
  106  10:09  Void Ray  
  106  10:12  Gateway  
  106  10:13  Observer  
  113  10:15  Photon Cannon  
  69  11:14  Zealot x4  
  69  11:15  Zealot x3  
  69  11:18  Void Ray x2  
  83  11:24  Protoss Ground Armor Level 1  
  79  12:00  Zealot x5  
  79  12:01  Void Ray x2  
  73  12:05  Probe x2  
  69  12:10  Probe  
  70  12:17  Probe  
  70  12:22  Probe  
  72  12:29  Probe  
  60  12:34  Probe  
  57  12:41  Probe  
  50  12:46  Probe  
  41  12:55  Void Ray  
  45  12:58  Probe  
  45  13:01  Void Ray  
  50  13:13  Zealot x2  
  54  13:27  Zealot  
  56  13:38  Probe x2  
  56  13:43  Protoss Air Armor Level 1  
  56  13:45  Zealot  
  56  13:47  Probe  
  59  13:49  Void Ray x2  
  59  13:50  Probe  
  59  13:51  Zealot x2  
  72  13:56  Shield Battery  
  72  14:10  Pylon  
  72  14:11  Probe  
  72  14:16  Pylon  
  73  14:24  Templar Archives  
  73  14:26  Probe x3  
  60  15:36  Zealot x4  
  60  15:37  Zealot x2  
  60  16:04  Observer  
  59  16:22  Stalker x4  
  59  16:23  Stalker  
Show
View Real Time Build Order
Export as new Build Order

Aela Zerg 

Build Orders: Hatch First 

Get SALT Encoding   

  12  0:01  Drone  
  13  0:13  Drone  
  14  0:24  Overlord  
  14  0:43  Drone  
  14  0:44  Drone x2  
  17  0:57  Hatchery, Drone  
  17  1:12  Spawning Pool  
  16  1:22  Drone  
  17  1:26  Extractor  
  16  1:51  Drone  
  17  2:06  Zergling x6  
  17  2:08  Queen  
  22  2:10  Queen  
  24  2:17  Drone x2  
  26  2:23  Drone  
  26  2:28  Overlord  
  27  2:47  Drone  
  27  2:48  Drone x2  
  30  3:02  Metabolic Boost  
  30  3:05  Drone x3  
  34  3:12  Drone  
  34  3:13  Drone  
  34  3:14  Hatchery  
  34  3:23  Spore Crawler  
  33  3:27  Spore Crawler  
  33  3:28  Drone  
  33  3:29  Drone x2  
  35  3:44  Overlord x2  
  35  3:54  Drone  
  36  4:05  Evolution Chamber  
  36  4:06  Drone x7  
  36  4:07  Evolution Chamber, Drone  
  42  4:24  Lair  
  42  4:37  Queen  
  44  4:40  Drone x3  
  46  4:47  Zerg Missile Weapons Level 1, Zerg Ground Armor Level 1  
  46  4:50  Drone x3  
  46  4:51  Overlord  
  46  4:52  Roach Warren  
  48  5:05  Extractor  
  48  5:06  Drone x3, Extractor  
  49  5:09  Overlord  
  49  5:10  Overlord  
  49  5:12  Drone x3  
  52  5:17  Drone x3  
  52  5:18  Drone  
  52  5:20  Extractor  
  55  5:22  Drone x2  
  55  5:27  Hydralisk Den, Drone  
  57  5:39  Drone  
  57  5:40  Drone x8  
  57  5:41  Glial Reconstitution  
  66  6:03  Grooved Spines  
  66  6:07  Drone x6  
  66  6:08  Drone  
  73  6:11  Extractor x2  
  71  6:20  Drone x2  
  71  6:21  Overlord  
  71  6:22  Overlord x2  
  73  6:29  Lurker Den, Drone  
  73  6:31  Overseer x2  
  73  6:32  Hatchery  
  72  6:39  Drone  
  73  6:40  Drone  
  73  6:42  Overlord x2  
  73  6:43  Hydralisk x4  
  82  6:48  Pneumatized Carapace  
  82  6:51  Overseer  
  82  6:53  Drone  
  83  6:54  Hydralisk  
  85  7:02  Zerg Missile Weapons Level 2  
  85  7:14  Muscular Augments, Spore Crawler  
  85  7:15  Overlord x3, Hydralisk  
  84  7:16  Hydralisk x3  
  92  7:28  Zerg Ground Armor Level 2  
  92  7:44  Hydralisk  
  92  7:45  Hydralisk x4  
  92  7:49  Overlord x2  
  92  7:50  Overlord, Queen  
  104  7:52  Drone x3  
  104  7:57  Spire  
  104  7:58  Drone  
  107  8:03  Overlord x2  
  107  8:10  Drone  
  107  8:11  Drone x11  
  119  8:19  Infestation Pit  
  118  8:35  Spawning Pool  
  117  8:55  Hydralisk x6  
  117  8:56  Hydralisk x10  
  143  9:17  Hydralisk  
  143  9:18  Hydralisk x3  
  151  9:30  Drone  
  151  9:31  Overlord x3, Extractor x2  
  151  9:32  Overlord x9  
  150  9:44  Spine Crawler  
  150  9:45  Hive  
  149  9:46  Spine Crawler  
  149  9:47  Spine Crawler  
  146  10:07  Drone x3  
  146  10:08  Drone x4  
  146  10:09  Overlord x2  
  146  10:12  Overlord x2  
  153  10:19  Zerg Flyer Weapons Level 1  
  153  10:21  Corruptor  
  153  10:22  Corruptor x9  
  173  10:41  Hatchery  
  172  10:55  Corruptor x7  
  122  11:10  Corruptor  
  122  11:11  Corruptor x3  
  122  11:13  Zergling x2  
  122  11:14  Zergling x22  
  140  11:25  Overlord x3  
  126  11:36  Corruptor x5  
  101  11:47  Zergling x6  
  101  11:48  Zergling x6  
  105  12:02  Zergling x10  
  105  12:08  Queen  
  110  12:15  Baneling Nest  
  111  12:17  Greater Spire  
  111  12:21  Zergling x10  
  111  12:22  Zergling x6  
  119  12:30  Viper x3  
  109  12:54  Roach  
  109  12:55  Roach x10  
  129  13:08  Roach x3  
  129  13:09  Roach x2  
  135  13:23  Roach x4  
  142  13:35  Hatchery  
  137  13:57  Brood Lord x3  
  137  13:58  Brood Lord  
  139  14:04  Brood Lord  
  137  14:22  Spine Crawler x2  
  137  14:23  Spine Crawler  
  80  14:57  Extractor  
  80  14:58  Extractor  
  66  15:15  Brood Lord x3  
  66  15:16  Hatchery  
  71  15:30  Spine Crawler x2  
  71  15:31  Drone x3  
  74  15:45  Drone  
  52  16:00  Drone  
  49  16:14  Drone x3  
Show
View Real Time Build Order
Export as new Build Order

OpuS Protoss - Winner!

Build Orders: 1 Gate Expand, Oracle Opening, Carriers 

Get SALT Encoding   

  12  0:01  Probe  
  13  0:13  Probe  
  14  0:20  Pylon  
  14  0:25  Probe  
  15  0:34  Probe  
  15  0:42  Probe  
  16  0:45  Gateway  
  17  0:51  Probe  
  17  0:56  Assimilator  
  18  0:59  Probe  
  19  1:08  Probe  
  20  1:32  Cybernetics Core  
  20  1:42  Nexus  
  20  1:45  Pylon  
  20  1:58  Probe  
  21  2:01  Zealot  
  21  2:07  Probe  
  23  2:09  Warp Gate  
  23  2:13  Assimilator  
  23  2:15  Probe  
  25  2:27  Probe  
  26  2:35  Stargate  
  26  2:54  Probe  
  26  2:56  Probe  
  26  2:58  Stalker  
  29  3:02  Gateway x2  
  29  3:08  Probe  
  30  3:19  Oracle  
  33  3:22  Probe x2  
  35  3:32  Shield Battery  
  35  3:37  Probe x2  
  35  3:41  Pylon  
  37  3:48  Stalker  
  39  3:50  Probe  
  39  3:52  Probe  
  41  4:00  Stalker  
  43  4:11  Probe x2  
  43  4:14  Shield Battery  
  43  4:15  Stalker  
  47  4:24  Probe  
  47  4:25  Probe  
  47  4:28  Stalker  
  51  4:36  Probe  
  51  4:37  Probe  
  53  4:43  Pylon  
  53  4:46  Fleet Beacon  
  53  4:49  Probe  
  54  4:56  Pylon  
  54  5:01  Probe  
  55  5:09  Pylon  
  55  5:10  Probe  
  55  5:11  Assimilator  
  55  5:13  Probe  
  57  5:15  Carrier, Assimilator  
  57  5:23  Probe  
  57  5:25  Probe  
  59  5:34  Forge  
  65  5:39  Stalker  
  65  5:40  Stalker  
  69  5:52  Probe x2  
  71  6:03  Stargate  
  71  6:04  Pylon  
  71  6:05  Probe x2  
  73  6:17  Probe  
  73  6:18  Probe  
  75  6:29  Probe  
  75  6:31  Carrier  
  75  6:32  Zealot x2  
  86  6:33  Nexus  
  86  6:36  Pylon  
  86  6:38  Pylon  
  86  6:48  Pylon  
  86  6:51  Pylon  
  86  6:54  Carrier  
  91  7:03  Photon Cannon  
  91  7:06  Photon Cannon  
  91  7:33  Stargate  
  91  7:35  Stargate  
  91  7:40  Twilight Council  
  91  7:41  Protoss Air Weapons Level 1  
  91  7:42  Zealot x3  
  97  7:49  Probe x3  
  100  8:06  Shield Battery  
  100  8:08  Charge  
  100  8:10  Photon Cannon  
  100  8:11  Probe x3  
  101  8:13  Photon Cannon  
  101  8:16  Zealot x3  
  107  8:23  Probe  
  107  8:26  Pylon  
  106  8:31  Robotics Facility  
  106  8:37  Carrier  
  106  8:41  Probe x3  
  115  8:49  Zealot x3  
  115  8:53  Probe  
  122  9:01  Gateway  
  122  9:04  Gateway  
  108  9:17  Carrier x2  
  108  9:22  Zealot  
  108  9:23  Zealot  
  122  9:37  Shield Battery  
  122  9:38  Shield Battery, Carrier  
  122  9:39  Probe x2  
  122  9:40  Probe  
  122  9:42  Assimilator  
  125  9:46  Assimilator  
  125  9:49  Protoss Air Weapons Level 2  
  125  9:51  Gateway  
  131  10:02  Carrier  
  137  10:22  Gateway  
  137  10:25  Observer  
  137  10:27  Gateway  
  138  10:31  Pylon  
  138  10:33  Pylon  
  138  10:40  Stalker  
  140  10:47  Observer  
  140  10:49  Tempest  
  146  10:50  Tempest  
  146  10:54  Pylon  
  146  10:56  Zealot  
  153  10:59  Pylon  
  153  11:01  Pylon  
  153  11:08  Observer  
  153  11:15  Tempest x2  
  145  11:42  Stalker  
  145  11:43  Stalker x6  
  145  11:44  Stalker  
  149  11:48  Blink  
  108  12:04  Tempest  
  108  12:06  Tempest  
  118  12:20  Nexus  
  118  12:22  Stalker x2, Pylon  
  122  12:26  Assimilator  
  122  12:30  Assimilator  
  122  12:41  Stalker x3  
  122  12:42  Stalker x2  
  92  13:00  Stalker x3  
  92  13:04  Protoss Shields Level 1  
  98  13:07  Stalker  
  98  13:08  Stalker  
  102  13:15  Probe x3  
  105  13:23  Stalker x2  
  105  13:24  Stalker  
  111  13:33  Probe  
  111  13:34  Probe x3  
  114  13:37  Stalker  
  114  13:39  Stalker  
  114  14:06  Void Ray x3  
  114  14:08  Void Ray  
  114  14:44  Forge  
  113  14:45  Forge  
  113  14:46  Probe x2  
  113  14:47  Probe  
  113  14:51  Gateway  
  114  14:53  Gateway  
  114  14:54  Gateway  
  114  14:56  Gateway, Void Ray x2  
  114  14:58  Probe  
  114  14:59  Pylon  
  123  15:06  Stalker  
  123  15:07  Stalker x2  
  129  15:24  Void Ray  
  129  15:25  Void Ray  
  129  15:27  Probe  
  129  15:28  Probe x2  
  138  15:52  Void Ray x2  
  140  16:33  Nexus  
Show
View Real Time Build Order
Export as new Build Order

Sketchaphone Zerg - Winner!

Build Orders: Hatch First 

Get SALT Encoding   

  12  0:02  Drone  
  13  0:14  Overlord  
  13  0:17  Drone  
  14  0:26  Extractor  
  14  0:27  Drone  
  15  0:35  Drone  
  16  0:37  Drone  
  17  0:56  Hatchery  
  16  0:59  Drone  
  17  1:15  Spawning Pool  
  17  1:16  Drone  
  17  1:18  Extractor  
  17  1:20  Drone  
  17  1:25  Drone  
  18  1:30  Drone  
  19  1:40  Drone  
  20  1:51  Overlord  
  20  2:02  Queen  
  20  2:06  Overlord  
  22  2:10  Zergling x2  
  22  2:14  Queen  
  25  2:16  Drone  
  25  2:18  Zergling x2  
  27  2:23  Drone  
  27  2:25  Metabolic Boost  
  28  2:30  Drone  
  28  2:35  Drone  
  30  2:45  Drone  
  30  2:49  Queen  
  33  2:54  Overlord, Drone  
  34  2:59  Drone  
  34  3:02  Drone  
  36  3:08  Queen  
  36  3:09  Drone  
  36  3:12  Drone  
  40  3:23  Drone  
  41  3:39  Overlord, Drone  
  42  3:44  Evolution Chamber, Drone x3  
  42  3:45  Evolution Chamber  
  43  3:54  Hatchery  
  42  3:56  Drone  
  42  3:57  Overlord, Drone x2  
  42  4:02  Drone x2  
  47  4:03  Drone  
  48  4:13  Overlord  
  48  4:15  Zergling x2  
  48  4:16  Drone x3  
  52  4:24  Zerg Ground Armor Level 1  
  51  4:25  Zerg Melee Weapons Level 1  
  51  4:26  Extractor  
  47  4:33  Drone x4  
  49  4:38  Drone x2  
  49  4:39  Drone  
  49  4:40  Drone  
  53  4:47  Queen  
  53  4:51  Drone, Extractor x2  
  54  4:54  Drone  
  54  4:56  Baneling Nest, Drone  
  54  4:58  Drone  
  56  5:16  Overlord  
  56  5:27  Drone x11  
  56  5:28  Overlord  
  67  5:37  Spore Crawler  
  67  5:39  Spore Crawler  
  67  5:40  Spore Crawler  
  66  5:44  Spore Crawler, Drone x2  
  66  5:48  Zergling x4  
  69  5:59  Lair  
  69  6:00  Overlord x2  
  67  6:05  Overlord x2  
  67  6:12  Drone x2  
  67  6:13  Overlord  
  67  6:15  Spore Crawler  
  67  6:16  Zergling x2, Drone x2  
  67  6:17  Overlord  
  71  6:20  Zerg Missile Weapons Level 1  
  71  6:29  Evolution Chamber  
  71  6:30  Queen  
  71  6:31  Overlord  
  72  6:39  Queen  
  74  6:43  Overlord x2  
  74  6:46  Overlord  
  74  6:48  Zergling x4  
  74  6:49  Zergling x8  
  80  7:03  Zergling x10  
  80  7:06  Pneumatized Carapace  
  80  7:07  Zerg Melee Weapons Level 2  
  85  7:09  Spire  
  85  7:10  Zerg Ground Armor Level 2  
  85  7:12  Drone  
  85  7:19  Drone x2  
  87  7:23  Overlord  
  87  7:25  Overlord  
  87  7:45  Drone  
  87  7:47  Burrow  
  87  7:48  Zergling x2, Centrifical Hooks  
  87  7:49  Zergling x22  
  99  8:07  Overseer  
  99  8:08  Overseer  
  99  8:15  Zergling x16  
  107  8:30  Zergling x6  
  105  8:38  Zergling x18  
  108  8:43  Zergling x2  
  108  8:46  Zergling x2  
  109  8:49  Zerg Flyer Weapons Level 1  
  109  8:50  Baneling  
  109  8:51  Baneling x41  
  109  8:53  Zergling x2  
  110  9:00  Zergling x6  
  113  9:14  Baneling  
  113  9:23  Zergling x4  
  113  9:24  Zergling x12  
  121  9:26  Zergling x2, Hatchery  
  121  9:33  Infestation Pit  
  121  9:37  Overseer  
  120  10:07  Zergling x26  
  120  10:10  Hive  
  120  10:11  Drone x6  
  120  10:12  Drone x3  
  132  10:32  Extractor  
  131  10:53  Zergling x26  
  139  11:01  Zergling x4  
  110  11:04  Zergling x4  
  110  11:08  Corruptor  
  110  11:10  Zerg Missile Weapons Level 2  
  114  11:17  Drone x3, Extractor  
  116  11:26  Zergling x8  
  120  11:33  Zergling x4  
  120  11:37  Ultralisk Cavern  
  120  11:38  Corruptor  
  120  11:39  Corruptor x4  
  127  11:53  Zergling x2  
  120  12:10  Zergling x30  
  120  12:12  Adrenal Glands  
  120  12:14  Zerg Ground Armor Level 3  
  131  12:16  Zerg Melee Weapons Level 3  
  131  12:20  Drone x2  
  132  12:23  Drone x2  
  121  12:34  Extractor x2  
  116  12:39  Baneling  
  116  12:40  Baneling x10  
  116  12:41  Zergling x10  
  116  12:42  Corruptor x5  
  125  12:48  Corruptor  
  127  12:57  Zergling x18  
  136  13:00  Zergling x2  
  132  13:17  Zergling x12  
  131  13:20  Zergling x2  
  131  13:22  Zergling x2  
  120  13:30  Zergling x6  
  115  13:37  Zergling x4  
  107  13:49  Drone x2  
  107  13:50  Drone x2  
  107  13:51  Drone x2  
  104  14:04  Ultralisk x2  
  104  14:05  Chitinous Plating, Ultralisk  
  122  14:12  Zergling x10  
  122  14:13  Zergling x6  
  122  14:25  Zergling x18  
  123  14:43  Ultralisk x3  
  133  14:49  Zergling x8  
  111  15:11  Corruptor x5  
  114  15:15  Zergling x6  
  115  15:29  Drone x5  
  115  15:50  Zergling x12  
  115  15:56  Ultralisk  
  121  16:09  Zergling x10  
  122  16:16  Zergling x2  
  123  16:33  Hatchery  
Tags
 
Add a new tag
Caveats
  • Supply blocks, unpowered buildings, or Contaminate may cause inaccurate times.
  • Supply counts are checked every 10 seconds.